 Dungeon Crawl Stone Soup version 0.26-a0-651-gb41185065b (webtiles) character file.

Game seed: 6068139650440102917

336 snetch the Chopper (level 6, -2/53 HPs)
             Began as a Hill Orc Monk on Sept 29, 2020.
             Slain by an ogre
             ... wielding a +0 giant club
              (16 damage)
             ... on level 4 of the Dungeon.
             The game lasted 00:07:44 (3397 turns).

snetch the Chopper (Hill Orc Monk)                  Turns: 3397, Time: 00:07:44

Health: -2/53      AC:  6    Str: 16    XL:     6   Next: 54%
Magic:  6/6        EV: 10    Int: 10    God:
Gold:   115        SH:  0    Dex: 13    Spells: 5/5 levels left

rFire    . . .     SeeInvis .   a - +0 hand axe
rCold    . . .     Faith    .   (no shield)
rNeg     + . .     Spirit   .   t - +0 scale mail
rPois    .         Reflect  .   (no helmet)
rElec    .         Harm     .   (no cloak)
rCorr    .         Rampage  .   (no gloves)
MR       .....                  (no boots)
Stlth    ..........             (no amulet)
HPRegen  0.17/turn              d - ring of flight
MPRegen  0.10/turn              v - ring of positive energy

@: no status effects
A: no striking features
a: Evoke Flight


You were on level 4 of the Dungeon.
You visited 1 branch of the dungeon, and saw 5 of its levels.

You collected 115 gold pieces.

Inventory:

Hand Weapons
 a - a +0 hand axe (weapon)
 y - a +0 trident
Missiles
 c - 45 stones (quivered)
 f - 13 bolts
 k - 61 arrows
 p - 25 sling bullets
 x - 5 boomerangs
Armour
 t - a +0 scale mail (worn)
Jewellery
 d - a ring of flight (left hand)
 g - an uncursed ring of positive energy
 v - a ring of positive energy (right hand)
Wands
 r - a wand of disintegration (14)
Scrolls
 h - a scroll of fear {unknown}
 i - 2 scrolls of remove curse {unknown}
 j - a scroll of blinking {unknown}
 n - a scroll of noise {unknown}
 o - a scroll of random uselessness {unknown}
 q - a scroll of fog {unknown}
 u - a scroll of identify {unknown}
 w - a scroll of immolation {unknown}
Potions
 b - 3 potions of heal wounds {unknown}
 e - 2 potions of curing {unknown}
 l - a potion of flight {unknown}
 m - a potion of lignification {unknown}
 s - 2 potions of degeneration {unknown}


   Skills:
 + Level 4.6 Fighting
 * Level 7.0 Axes
 * Level 3.4 Armour
 + Level 2.9 Dodging
 + Level 1.7 Stealth


You had 5 spell levels left.
You didn't know any spells.
Your spell library was empty.

Dungeon Overview and Level Annotations

Branches:
Dungeon (5/15)
 Temple: D:4-7

Altars:
Ashenzari
Cheibriados
Fedhas
Makhleb

Annotations:
D:5 Sigmund


Message History

You climb upwards.
There is a stone staircase leading down here.
You hit the ogre.
The ogre is lightly wounded.
You hit the leopard gecko. The leopard gecko barely misses you.
Your scale mail prevents you from hitting the ogre.
The ogre is lightly wounded.
You closely miss the leopard gecko. The ogre hits you with a +0 giant club!
The leopard gecko bites you but does no damage.
You hit the ogre.
The ogre is lightly wounded.
You closely miss the leopard gecko.
The leopard gecko bites you but does no damage.
The ogre hits you with a +0 giant club!!
Ouch! That really hurt!
* * * LOW HITPOINT WARNING * * *
You hit the leopard gecko.
You kill the leopard gecko!
You hit the ogre. The ogre hits you with a +0 giant club!
You die...

####
...#######....##
.......†@O......
...##.####....##
# ####


You could see an ogre.

Vanquished Creatures
  A howler monkey (D:4)
  An orc wizard (D:4)
  Terence (D:2)
  2 iguanas (D:5)
  A worker ant (D:3)
  Natasha (thrice) (D:2)
  A gnoll (D:1)
  An adder (D:1)
  2 oozes
  An adder zombie (D:5)
  2 worms (D:2)
  A dart slug (D:1)
  A leopard gecko (D:4)
  5 orcs
  A ball python (D:4)
  6 bats
  6 giant cockroaches
  2 goblins
  6 hobgoblins
  2 jackals (D:3)
  A quokka (D:2)
  4 frilled lizards
  7 kobolds
  2 rats
60 creatures vanquished.

Notes
Turn   | Place    | Note
-------+----------+-------------------------------------------
     0 | D:1      | snetch the Hill Orc Monk began the quest for the Orb.
     0 | D:1      | Reached XP level 1. HP: 19/19 MP: 1/1
   241 | D:1      | You fall into a shaft and drop 1 floor!
   256 | D:2      | Found a broken altar of Ashenzari.
   357 | D:2      | Reached XP level 2. HP: 27/27 MP: 2/2
   688 | D:1      | Reached XP level 3. HP: 32/33 MP: 3/3
   698 | D:1      | Reached skill level 1 in Armour
   969 | D:2      | Reached skill level 5 in Axes
  1033 | D:2      | Found a blossoming altar of Fedhas.
  1049 | D:2      | HP: 1/33 [worm (3)]
  1626 | D:2      | Reached XP level 4. HP: 40/40 MP: 4/4
  1778 | D:2      | Noticed Natasha
  1789 | D:2      | Killed Natasha
  1867 | D:2      | Noticed Natasha
  1876 | D:2      | Killed Natasha
  2015 | D:2      | Noticed Natasha
  2025 | D:2      | Killed Natasha
  2025 | D:2      | Reached XP level 5. HP: 39/46 MP: 5/5
  2189 | D:2      | Noticed Terence
  2215 | D:2      | Killed Terence
  2479 | D:3      | Reached skill level 6 in Axes
  2489 | D:3      | Found a snail-covered altar of Cheibriados.
  2616 | D:3      | Reached XP level 6. HP: 11/53 MP: 6/6
  3008 | D:3      | You fall into a shaft and drop 2 floors!
  3008 | D:5      | Entered Level 5 of the Dungeon
  3082 | D:5      | Reached skill level 7 in Axes
  3376 | D:5      | Found a burning altar of Makhleb.
  3392 | D:5      | Noticed Sigmund
  3397 | D:4      | Slain by an ogre

Illustrated notes

Levels and vault maps discovered:
D:1:      lightli_arrival_flooded_house, layout_rooms, grunt_decor_resistance
D:2:      layout_rooms, overflow_temple_1_default, fedhas_altar_fruit_tree,
          minmay_misc_feat_nine_boxes, minmay_close_crescents, uniq_natasha,
          uniq_terence
D:3:      layout_basic, marbit_many_paths, nicolae_overflow_hidden_temple,
          nemelex_altar_shiori, uniq_grinder
D:4:      minmay_door_path, layout_basic, nzn_random_ring, uniq_blork_the_orc,
          uniq_eustachio, uniq_ijyb
D:5:      layout_rooms, zin_scriptorium, old_standard_altar,
          minmay_temple_entry_trees, uniq_sigmund

Skill      XL: |  1  2  3  4  5  6 |
---------------+-------------------+-----
Armour         | 1 2 3 |  3.4
Axes           | 5 6 7 |  7.0
Fighting       | 4 |  4.6
Dodging        | |  2.9
Stealth        | |  1.7

Action                   |  1- 3 |  4- 6 || total
-------------------------+-------+-------++-------
Melee: Hand axe          |    97 |   195 ||   292
 Stab: Sleeping          |     2 |       ||     2
Armor: Ring mail         |    37 |    19 ||    56
       Scale mail        |       |    40 ||    40
Dodge: Dodged            |    76 |   100 ||   176

Table legend: (Time is in decaauts)
 A = Elapsed time spent in this place.
 B = Non-inter-level travel time spent in this place.
 C = Inter-level travel time spent in this place.
 D = Time resting spent in this place.
 E = Time spent auto-exploring this place.
 F = Levels seen in this place.
 G = Mean time per level.
                   A        B        C        D        E       F      G
               +--------+--------+--------+--------+--------+-----+--------+
         Total |   3422 |   3364 |     58 |   1002 |   1310 |   5 |  684.4 |
       Dungeon |   3422 |   3364 |     58 |   1002 |   1310 |   5 |  684.4 |
               +--------+--------+--------+--------+--------+-----+--------+

Top non-repeatable levels by time:
     D:2: 1262 daAuts
     D:1: 1168 daAuts
     D:3: 555 daAuts
     D:5: 378 daAuts
     D:4: 57 daAuts
